 Dungeon Crawl Stone Soup version 0.32-a0-401-g0bcb2a7693 (webtiles) character file.

Game seed: 9163059159229233491

25771 kakafuego the Spear-Bearer (level 13, -1/138 HPs)
             Began as an Octopode Wanderer on Feb 20, 2024.
             Was a High Priest of Yredelemnul.
             Killed by divine providence
             ... invoked by a meliai
              (14 damage)
             ... in a Gauntlet.
             The game lasted 00:33:55 (14402 turns).

kakafuego the Spear-Bearer (Octopode Wanderer)     Turns: 14402, Time: 00:33:55

Health: -1/138     AC: 30    Str: 10    XL:     13   Next: 21%
Magic:  16/17      EV:  2    Int: 18    God:    Yredelemnul [*****.]
Gold:   85         SH: 18    Dex: 14    Spells: 3/18 levels left

rFire   + + +        h - +6 demon trident (flame)
rCold   + + .        B - +2 shield of Resistance {rF++ rC++ Will++}
rNeg    . . .        (helmet currently unavailable)
rPois   +            j - amulet of reflection
rElec   .            z - ring of wizardry
rCorr   .            V - ring of willpower
SInv    .            W - +4 ring of protection
Will    +++..        p - ring of protection from fire
Stlth   +++          (no ring)
HPRegen 0.43/turn    I - +5 ring of evasion
MPRegen 0.15/turn    P - ring of wizardry
                     (no ring)

%: no teleportation, reflection, wizardry (x2)
@: tree-form, wreathed by umbra
A: stationary, stasis, torment immunity, boosted hp, almost no armour,
(amphibious), 8 rings, (camouflage 1), (gelatinous body 1), (nimble swimmer 1),
(tentacles)
a: Renounce Religion, Light the Black Torch, Recall Undead Harvest, Hurl
Torchlight, Bind Soul, Fathomless Shackles


You were in a Gauntlet.
You worshipped Yredelemnul.
Yredelemnul was noncommittal.
You were a tree.
You visited 3 branches of the dungeon, and saw 14 of its levels.
You also visited: Gauntlet.

You collected 806 gold pieces.
You spent 721 gold pieces at shops.

Inventory:

Hand Weapons
 h - a +6 demon trident of flaming (weapon)
 o - the +2 sling of Qazlal's Envy {speed, rCorr Str+3 Dex+3}
   (You found it on level 2 of the Dungeon)

   Str+3:     It affects your strength (+3).
   Dex+3:     It affects your dexterity (+3).
   rCorr:     It protects you from acid and corrosion.
 q - a +4 trident of draining
Missiles
 n - 6 curare-tipped darts (quivered)
 F - 4 throwing nets {!f}
Armour
 B - the +2 shield of Resistance (worn) {rF++ rC++ Will++}
   (You found it on level 8 of the Dungeon)

   rF++:      It greatly protects you from fire.
   rC++:      It greatly protects you from cold.
   Will++:    It greatly increases your willpower.
Magical Staves
 O - a staff of alchemy
Jewellery
 j - an amulet of reflection (around neck)
 p - a ring of protection from fire (on tentacle)
 z - a ring of wizardry (left branch)
 I - a +5 ring of evasion (on tentacle)
 P - a ring of wizardry (on tentacle)
 V - a ring of willpower (right branch)
 W - a +4 ring of protection (on tentacle)
 X - the ring "Defiw" {Ice rN+}
   (You took it off a vampire on level 7 of the Dungeon)

   [ring of ice]

   Ice:       It enhances your ice magic.
   rF-:       It makes you vulnerable to fire.
   rC+:       It protects you from cold.
   rN+:       It protects you from negative energy.
Wands
 c - a wand of polymorph (10)
 v - a wand of paralysis (14)
 E - a wand of iceblast (24) {@v2}
 J - a wand of flame (34)
 M - a wand of acid (3) {@v1}
Scrolls
 b - a scroll of blinking {@r4}
 e - 2 scrolls of poison
 m - 2 scrolls of teleportation {unknown}
 t - 5 scrolls of immolation
 u - 4 scrolls of vulnerability {unknown}
 G - a scroll of silence
 K - a scroll of torment
 L - a scroll of fog
 T - a scroll of butterflies
Potions
 a - a potion of berserk rage {unknown}
 g - a potion of lignification
 i - 6 potions of enlightenment
 k - 4 potions of ambrosia
 l - 10 potions of curing {@q1}
 r - 2 potions of heal wounds {@q2}
 s - 3 potions of might {@q3}
 x - 3 potions of invisibility
 A - a potion of mutation {unknown}
 C - a potion of cancellation {unknown}
 N - 2 potions of degeneration {unknown}
 R - a potion of brilliance {unknown}
 Y - 3 potions of resistance {unknown}
 Z - 3 potions of haste {unknown}
Miscellaneous
 f - a phantom mirror


   Skills:
 - Level 10.0 Fighting
 + Level 12.7 Polearms
 * Level 5.1 Dodging
 - Level 2.0 Stealth
 + Level 9.6 Shields
 - Level 3.0 Spellcasting
 - Level 2.0 Conjurations
 - Level 1.2 Necromancy
 - Level 5.0 Translocations
 + Level 6.4 Ice Magic
 - Level 5.0 Invocations
 - Level 6.0 Evocations


You had 3 spell levels left.
You knew the following spells:

 Your Spells              Type           Power      Damage    Failure   Level
a - Freeze                Ice            100%       1d10      1%          1
b - Foxfire               Conj/Fire      24%        2x1d5     9%          1
c - Kiss of Death         Conj/Necr      32%        2d7       7%          1
e - Frozen Ramparts       Ice            50%        1d8       3%          3
f - Blink                 Tloc           40%        N/A       2%          2
g - Passage of Golubria   Tloc           20%        N/A       16%         4
h - Ozocubu's Armour      Ice            25%        N/A       3%          3

Your spell library contained the following spells:

 Spells                   Type           Power      Damage    Failure   Level
 Momentum Strike          Conj/Tloc      30%        3d8       4%          2
 Magic Dart               Conj           36%        1d4       6%          1
 Hailstorm                Conj/Ice       17%        3d6       7%          3
 Searing Ray              Conj           18%        2d5       9%          2
 Call Imp                 Summ           4%         N/A       19%         2
 Fugue of the Fallen      Necr           7%         N/A       22%         3
 Confusing Touch          Hex            2%         N/A       34%         3
 Manifold Assault         Tloc           20%        N/A       16%         4
 Dispel Undead            Necr           7%         3d8       54%         4
 Fulminant Prism          Conj/Alch      3%         3d5       58%         4
 Metabolic Englaciation   Hex/Ice        7%         N/A       63%         5
 Leda's Liquefaction      Alch/Erth      1%         N/A       71%         4
 Petrify                  Alch/Erth      2%         N/A       71%         4
 Iskenderun's Battlesphe  Conj           9%         2d6       78%         5
 Silence                  Hex/Air        1%         N/A       95%         5
 Bombard                  Conj/Erth      3%         9d1       100%        6
 Spellforged Servitor     Conj/Summ      3%         N/A       100%        7
 Lehudib's Crystal Spear  Conj/Erth      3%         10d2      100%        8


Dungeon Overview and Level Annotations

Branches:
Dungeon (12/15) Zot: 26087  Temple (1/1) D:5 Zot: 5851    Lair (1/5) D:11 Zot: 5965
    Orc (0/2) D:11        Gauntlet (1/1) Zot: 5759

Altars:
Ashenzari
Cheibriados
Dithmenos
Elyvilon
Fedhas
Gozag
Kikubaaqudgha
Makhleb
Nemelex Xobeh
Okawaru
Qazlal
Ru
Sif Muna
Trog
Uskayaw
Vehumet
Wu Jian
Xom
Yredelemnul
Zin
The Shining One

Shops:
D:3 :   D:5 (   D:6 [   D:7 [?[:**   D:11 :

Portals:
Trove: D:10 (give 2 scrolls of acquirement)

Annotations:
D:10 1 exclusion Gauntlet 5 transporters


Innate Abilities, Weirdness & Mutations

You are a tree.
Your roots penetrate the ground, keeping you stationary.
You cannot be teleported.
You are immune to unholy pain and torment.
Your maximum health is greatly increased.
You cannot wear most types of armour.
((You are amphibious.))
You can wear up to eight rings at the same time.
((Your skin changes colour to match your surroundings (Stealth+).))
((Your rubbery body absorbs attacks. (AC +1, EV +1)))
((You are camouflaged when in or above water. (Stealth+)))
((You have tentacles for arms and can constrict up to eight enemies at once.))


Message History

Your meliai zombie's attack snaps the meliai out of its fear.
Your meliai zombie hits the meliai.
You block the meliai's attack. x2
Your meliai zombie barely misses the meliai.
Your meliai zombie hits the meliai.
The meliai hits you with a +0 war axe.
* * * LOW HITPOINT WARNING * * *
You block the meliai's attack.
You turn into a tree.
Your roots penetrate the ground.
The meliai calls upon its god to heal the meliai.
The meliai's wounds heal themselves!
Your meliai zombie barely misses the meliai.
Your meliai zombie closely misses the meliai.
The meliai calls upon its god to heal the meliai.
The meliai is healed somewhat.
Your meliai zombie hits the meliai.
Your meliai zombie closely misses the meliai.
The meliai calls down the wrath of its god upon you.
Something smites you!
* * * LOW HITPOINT WARNING * * *
You block the meliai's attack. x2
You feel much better. The meliai hits you with a +0 war axe!
* * * LOW HITPOINT WARNING * * *
The meliai stings you but does no damage.
Your meliai zombie hits the meliai. x2
The meliai invokes the aid of its god against you.
Something smites you!
* * * LOW HITPOINT WARNING * * *
The meliai calls down the wrath of its god upon you.
Something smites you!
* * * LOW HITPOINT WARNING * * *
As you read the scroll of fear, it crumbles to dust.
You assume a fearsome visage.
The meliai looks frightened! x2
Your meliai zombie barely misses the meliai.
Your meliai zombie misses the meliai.
Your meliai zombie hits the meliai.
Your meliai zombie's attack snaps the meliai out of its fear.
Your meliai zombie hits the meliai.
The meliai hits your meliai zombie with a +0 war axe!
The meliai stings your meliai zombie!
The meliai calls down the wrath of its god upon you.
Something smites you!
You die...
Your body rises from the dead as a mindless zombie.

#≈...........≈#
##...........##
##≈...........≈##
#≈≈.#########.≈≈#
##≈.#."[©...#.≈##
##.#.#.yZ#.#.##
##≈.#.#.y.#.#.≈##
#≈≈.#.##©##.#.≈≈#
##≈.#..#♣#..#.≈##
##.####Z####.##
##≈.#.......#.≈##
#≈≈.#########.≈≈#
##≈.#ß..©#....≈##
##.#©...#.ß..##
##≈.#ß..©#....≈##
#≈≈.#########.≈≈#
##≈.#...©...#.≈##


You could see 2 meliai, a friendly spectral ufetubus and a friendly meliai
zombie.

Vanquished Creatures
  5 two-headed ogres
  A death yak (D:11)
  A hell hog (Gauntlet)
  A sixfirhy (Gauntlet)
  3 skeletal warriors (D:12)
  A deep elf pyromancer (D:7)
  4 ugly things
  2 manticores (D:7)
  A cyclops (D:7)
  A gargoyle (D:7)
  Jeremiah (D:9)
  A kobold demonologist (D:12)
  A komodo dragon (D:7)
  2 trolls
  A queen bee (D:9)
  2 hornets (D:9)
  A shadow (Gauntlet)
  A vampire (D:7)
  10 yaks (D:11)
  A wraith (D:7)
  3 fire bats (Gauntlet)
  Grum (D:9)
  5 vampire mosquitoes
  3 steam dragons
  4 water moccasins
  An acid dragon (D:7)
  8 orc warriors
  A sky beast (D:8)
  An ice beast (D:8)
  2 wolves (D:9)
  2 centaurs
  A phantom (D:4)
  5 kobold brigands
  8 bullfrogs
  2 scorpions
  9 wights
  27 killer bees
  5 howler monkeys
  A bombardier beetle (D:5)
  5 hounds
  3 orc priests (D:11)
  A sleepcap (D:3)
  3 iguanas
  11 orc wizards
  Ijyb (D:5)
  17 adders
  9 gnolls
  2 white imps
  2 dart slugs
  31 orcs
  2 endoplasms
  3 giant cockroaches
  11 goblins
  8 hobgoblins
  7 jackals
  2 quokkas (D:1)
  10 ball pythons
  6 bats
  23 kobolds
  4 rats
291 creatures vanquished.

Vanquished Creatures (collateral kills)
  Erolcha (D:12)
  A death scarab (Gauntlet)
  A spectral death yak (Gauntlet)
  A meliai (Gauntlet)
  A kobold demonologist (D:9)
  2 komodo dragons
  2 trolls
  A slime creature (D:7)
  3 shadows (Gauntlet)
  A vampire mosquito (D:11)
  2 acid dragons
  A hell hound (Gauntlet)
  A bullfrog (D:8)
  A gnoll sergeant (D:10)
  8 killer bees
  2 howler monkeys
  A gnoll bouda (D:9)
  2 iguanas (D:11)
  2 orc wizards (D:8)
  A gnoll (D:10)
  An ufetubus (Gauntlet)
  5 orcs
  A kobold (D:8)
42 creatures vanquished.

Vanquished Creatures (others)
  A spectral sixfirhy (Gauntlet)
  An ugly thing zombie (D:11)
  A slime creature zombie (D:7)
  2 fire bat zombies (Gauntlet)
  A two-headed ogre zombie (D:12)
  An elf zombie (D:7)
  A manticore zombie (D:7)
  A komodo dragon zombie (D:12)
  A cyclops zombie (D:7)
  A hell hound zombie (Gauntlet)
  2 troll zombies
  A yak zombie (D:11)
  A queen bee zombie (D:9)
  2 bullfrog zombies (D:8)
  A centaur zombie (D:8)
  A spectral orc (D:7)
  17 killer bee zombies
  An acid dragon zombie (D:11)
  A hound zombie (D:7)
  4 howler monkey zombies
  A gnoll zombie (D:10)
  7 kobold zombies
  17 orc zombies
  41 foxfires
108 creatures vanquished.

Grand Total: 441 creatures vanquished

Notes
Turn   | Place    | Note
-------+----------+-------------------------------------------
     0 | D:1      | kakafuego the Octopode Wanderer began the quest for the
                  | Orb.
     0 | D:1      | kakafuego set off with the following items: a +0 dagger, a
                  | scroll of blinking {@r4}, a wand of polymorph (5); and the
                  | following spells available to memorise: Freeze, Foxfire,
                  | Kiss of Death, Momentum Strike, Hailstorm.
     0 | D:1      | Reached XP level 1. HP: 11/11 MP: 3/3
     2 | D:1      | Learned a level 1 spell: Freeze
     4 | D:1      | Learned a level 1 spell: Foxfire
     6 | D:1      | Learned a level 1 spell: Kiss of Death
   136 | D:1      | Reached skill level 1 in Fighting
   136 | D:1      | Reached skill level 1 in Stealth
   291 | D:1      | Reached XP level 2. HP: 18/18 MP: 5/5
   559 | D:1      | Reached XP level 3. HP: 24/24 MP: 2/6
   603 | D:1      | Learned a level 2 spell: Momentum Strike
  1363 | D:2      | Identified the +2 sling of Qazlal's Envy {speed, rCorr
                  | Str+3 Dex+3}
  1440 | D:2      | Reached skill level 1 in Dodging
  1440 | D:2      | Reached XP level 4. HP: 28/31 MP: 1/7
  1992 | D:2      | Reached skill level 1 in Necromancy
  2037 | D:2      | Reached XP level 5. HP: 36/36 MP: 5/8
  2400 | D:2      | Learned a level 3 spell: Frozen Ramparts
  2871 | D:3      | Found Zuoc's Book Emporium.
  3541 | D:4      | Reached XP level 6. HP: 34/43 MP: 3/9
  4512 | D:5      | Entered Level 5 of the Dungeon
  4512 | D:5      | Noticed Ijyb
  4514 | D:5      | Killed Ijyb
  4517 | D:5      | Reached XP level 7. HP: 48/48 MP: 10/10
  4568 | D:5      | Reached skill level 5 in Ice Magic
  4912 | D:5      | Found a radiant altar of Vehumet.
  4916 | D:5      | Found a staircase to the Ecumenical Temple.
  4923 | Temple   | Entered the Ecumenical Temple
  5058 | Temple   | Became a worshipper of Yredelemnul the Fallen
  5157 | D:5      | Reached skill level 5 in Fighting
  5157 | D:5      | Reached XP level 8. HP: 42/55 MP: 11/11
  5202 | D:5      | Found Qomakaha's Antique Weapon Shoppe.
  5267 | D:5      | Found a stormy altar of Qazlal.
  5285 | D:5      | Found a glowing silver altar of Zin.
  5624 | D:5      | Bought a glowing spear for 156 gold pieces
  5655 | D:6      | Found Facrosse's Armour Emporium.
  5919 | D:6      | Reached skill level 1 in Polearms
  5919 | D:6      | Reached skill level 1 in Shields
  5977 | D:6      | Reached skill level 1 in Invocations
  5994 | D:6      | Reached skill level 2 in Polearms
  6563 | D:7      | Found Hesep's Book Emporium.
  6584 | D:7      | Found Eteumpiell's Magic Scroll Emporium.
  6584 | D:7      | Found Husohif's Antique Armour Emporium.
  6585 | D:7      | Found Bagalos's General Store.
  6720 | D:7      | Reached skill level 3 in Polearms
  6825 | D:7      | Reached XP level 9. HP: 62/62 MP: 8/12
  6853 | D:7      | Reached skill level 4 in Polearms
  6947 | D:7      | Reached * piety under Yredelemnul
  6948 | D:7      | Reached skill level 5 in Polearms
  7026 | D:7      | Found Forhexza's Antique Armour Shop.
  7211 | D:7      | Bought a scroll of butterflies for 60 gold pieces
  7470 | D:7      | Reached skill level 6 in Polearms
  7494 | D:7      | Identified the ring "Defiw" {Ice rN+}
  7656 | D:7      | Noticed a manticore
  7663 | D:7      | Killed a manticore
  7664 | D:7      | Reached skill level 7 in Polearms
  7791 | D:7      | Noticed a gargoyle
  7807 | D:7      | Killed a gargoyle
  7808 | D:7      | Reached XP level 10. HP: 71/71 MP: 13/13
  7813 | D:7      | Noticed a deep elf pyromancer
  7827 | D:7      | Killed a deep elf pyromancer
  7882 | D:7      | Noticed a manticore
  7909 | D:7      | Killed a manticore
  7910 | D:7      | Reached skill level 8 in Polearms
  7910 | D:7      | Reached skill level 5 in Evocations
  8408 | D:7      | Noticed a cyclops
  8429 | D:7      | Killed a cyclops
  8430 | D:7      | Reached skill level 9 in Polearms
  8565 | D:7      | Found the +8 longbow "Zephyr" {speed, Dex+3 SInv}
  8935 | D:7      | Found Ucify's Lightly-Used Armoury.
  8979 | D:7      | Bought 4 curare-tipped darts for 57 gold pieces
  8997 | D:8      | Noticed a two-headed ogre
  8997 | D:8      | Found the +2 shield of Resistance {rF++ rC++ Will++}
  9081 | D:8      | Killed a two-headed ogre
  9082 | D:8      | Reached ** piety under Yredelemnul
  9087 | D:8      | Reached skill level 10 in Polearms
  9087 | D:8      | Reached XP level 11. HP: 58/78 MP: 10/14
  9345 | D:8      | Reached skill level 5 in Shields
  9457 | D:8      | Found a white marble altar of Elyvilon.
  9786 | D:7      | Bought a potion of invisibility for 96 gold pieces
  9791 | D:7      | Bought a scroll of fog for 60 gold pieces
 10022 | D:9      | Reached *** piety under Yredelemnul
 10236 | D:9      | Reached skill level 11 in Polearms
 10314 | D:9      | Noticed Grum
 10323 | D:9      | Killed Grum
 10493 | D:9      | Noticed a two-headed ogre
 10500 | D:9      | Killed a two-headed ogre
 10978 | D:9      | Noticed Jeremiah
 10991 | D:9      | Killed Jeremiah
 11430 | D:9      | Learned a level 2 spell: Blink
 11435 | D:9      | Learned a level 4 spell: Passage of Golubria
 11459 | D:10     | Entered Level 10 of the Dungeon
 11646 | D:10     | Noticed a two-headed ogre
 11661 | D:10     | Killed a two-headed ogre
 11662 | D:10     | Reached skill level 1 in Translocations
 11754 | D:10     | Found a portal to a secret trove of treasure.
 11770 | D:10     | Reached **** piety under Yredelemnul
 11847 | D:10     | Noticed a two-headed ogre
 11853 | D:10     | Killed a two-headed ogre
 11854 | D:10     | Reached XP level 12. HP: 75/86 MP: 15/15
 12313 | D:11     | Found Vaothree's Book Boutique.
 12377 | D:11     | Noticed a death yak
 12389 | D:11     | Killed a death yak
 12395 | D:11     | Found a staircase to the Lair.
 12727 | D:11     | Found a staircase to the Orcish Mines.
 12890 | D:11     | Reached skill level 12 in Polearms
 13219 | D:12     | Reached skill level 10 in Fighting
 13314 | D:12     | Noticed Erolcha
 13426 | D:12     | Killed Erolcha
 13565 | D:12     | Noticed a two-headed ogre
 13587 | D:12     | Killed a two-headed ogre
 13588 | D:12     | Reached skill level 5 in Translocations
 13748 | D:12     | Reached ***** piety under Yredelemnul
 13801 | D:12     | Identified the +2 helmet "Humem" {rCorr Stlth+}
 13890 | D:12     | Learned a level 3 spell: Ozocubu's Armour
 14016 | D:7      | Bought a scroll of enchant weapon for 112 gold pieces
 14016 | D:7      | Bought a scroll of poison for 60 gold pieces
 14016 | D:7      | Bought a scroll of identify for 30 gold pieces
 14016 | D:7      | Bought a scroll of identify for 30 gold pieces
 14016 | D:7      | Bought a scroll of identify for 30 gold pieces
 14016 | D:7      | Bought a scroll of identify for 30 gold pieces
 14018 | D:7      | Identified a scroll of acquirement
 14020 | D:7      | Acquired a +2 demon trident of flaming
 14128 | Lair:1   | Entered Level 1 of the Lair of Beasts
 14154 | Lair:1   | Found a gate leading to a gauntlet.
 14163 | Gauntlet | Entered a Gauntlet
 14163 | Gauntlet | Found a transporter.
 14168 | Gauntlet | Noticed a death scarab
 14175 | Gauntlet | Found a transporter.
 14176 | Gauntlet | Found a transporter.
 14177 | Gauntlet | Found a transporter.
 14182 | Gauntlet | Found a runed translucent gate.
 14182 | Gauntlet | Found a runed translucent gate.
 14182 | Gauntlet | Found a runed translucent gate.
 14184 | Gauntlet | Found a transporter.
 14187 | Gauntlet | Found a transporter.
 14188 | Gauntlet | Found a transporter.
 14198 | Gauntlet | Found a transporter.
 14200 | Gauntlet | Found a transporter.
 14201 | Gauntlet | Found a transporter.
 14206 | Gauntlet | Noticed a hell hog
 14209 | Gauntlet | Found a transporter.
 14212 | Gauntlet | Found a transporter.
 14213 | Gauntlet | Found a transporter.
 14221 | Gauntlet | Found a transporter.
 14221 | Gauntlet | Found the macabre finger necklace {Finger+ rN+}
 14309 | Gauntlet | Killed a death scarab
 14310 | Gauntlet | Reached XP level 13. HP: 67/92 MP: 17/17
 14381 | Gauntlet | Reached skill level 5 in Dodging
 14396 | Gauntlet | Reached skill level 5 in Invocations
 14402 | Gauntlet | Killed from afar by a meliai

Illustrated notes

Levels and vault maps discovered:
D:1:      dpeg_arrival_central, layout_basic, serial_forest,
          infiniplex_forest_lined_3, infiniplex_forest_lined_2,
          infiniplex_forest_join, infiniplex_forest_straight_2,
          infiniplex_forest_zigzag_1, infiniplex_forest_clump_small
D:2:      layout_basic, hangedman_decor_points, minmay_increasing_density
D:3:      layout_basic, serial_shops, shop
D:4:      layout_basic, minmay_snake_closets
D:5:      layout_gridville, overflow_temple_1_default,
          overflow_temple_1_default, mainiacjoe_overflow_cross_hatched,
          minmay_temple_entry_gardened_gates, serial_shops, shop, minivault_14,
          uniq_ijyb
D:6:      layout_cave_pods, serial_shops, shop
D:7:      minmay_the_grid_octo_triangle [minmay_the_grid_octo_tetromino_candy,
          minmay_the_grid_octo_prize_big_c, minmay_the_grid_octo_clover],
          layout_rooms, serial_shops, nicolae_shop_hallway_stairs,
          serial_aquarium, aquarium_bridge_square [aquarium_subvault_bridge,
          aquarium_subvault_bridge, aquarium_subvault_wall,
          aquarium_subvault_bridge], aquarium_bridge_long_separate
          [aquarium_subvault_bridge, aquarium_subvault_wall,
          aquarium_subvault_balcony, aquarium_subvault_bridge,
          aquarium_subvault_bridge, aquarium_subvault_wall], aquarium_window_1,
          aquarium_window_2, aquarium_window_fake, aquarium_view_2b,
          aquarium_balcony_3b, aquarium_pool_double, minmay_shop_damaged,
          minmay_shop_grid_forest
D:8:      layout_loops_ring, elyvilon_altar_1, minmay_bent
D:9:      layout_loops_ring, special_room [special_room_bee], serial_aquarium,
          aquarium_bridge_island_small [aquarium_subvault_small_water,
          aquarium_subvault_wall, aquarium_subvault_balcony,
          aquarium_subvault_balcony, aquarium_subvault_bridge],
          aquarium_bridge_square [aquarium_subvault_balcony,
          aquarium_subvault_window, aquarium_subvault_wall,
          aquarium_subvault_bridge], aquarium_window_2, aquarium_window_1,
          aquarium_window_2, aquarium_view_2d, aquarium_balcony_double_1,
          uniq_grum, uniq_jeremiah
D:10:     layout_roguey, beargit_hepliaklqana_dungeon_heroes, enter_trove_1
D:11:     layout_loops_ring, dpeg_lair_monsters, david_orc_4, serial_shops,
          kennysheep_mini_moat
D:12:     layout_basic, uniq_erolcha
Temple:   minmay_crystal_spiral_temple
Lair:1:   layout_cave_shapes, gauntlet_entry_generic,
          grunt_forest_large_clearings, lemuel_fruit_tree
Gauntlet: gammafunk_gauntlet_77_escape_option
          [minmay_gauntlet_arena_77_p_blocks,
          minmay_gauntlet_arena_77_run_for_it, minmay_gauntlet_arena_77_box,
          minmay_gauntlet_arena_77_terracotta_army,
          minmay_gauntlet_arena_77_mirror, gauntlet_exit_green]

Skill      XL: |  1  2  3  4  5  6  7  8  9 10 11 12 13 |
---------------+----------------------------------------+-----
Fighting       | 1 2 3 4 5 7 8 9 10 | 10.0
Stealth        | 1 2 |  2.0
Dodging        | 1 2 3 4 5 |  5.1
Necromancy     | 1 |  1.2
Ice Magic      | 4 6 |  6.4
Polearms       | 3 7 10 11 12 | 12.7
Shields        | 3 4 6 9 |  9.6
Invocations    | 2 3 5 |  5.0
Evocations     | 4 6 |  6.0
Translocations | 2 5 |  5.0
Spellcasting   | 3 |  3.0
Conjurations   | |  2.0

Action                     |  1- 3 |  4- 6 |  7- 9 | 10-12 | 13-15 || total
---------------------------+-------+-------+-------+-------+-------++-------
  Melee: Dagger            |    22 |     1 |    71 |       |       ||    94
         Constrict         |     5 |       |    35 |    53 |     6 ||    99
         Tentacles         |     2 |       |    26 |    81 |     5 ||   114
         Trident           |       |       |    64 |   459 |       ||   523
         Demon trident     |       |       |       |     4 |    29 ||    33
   Fire: Sling             |     8 |   168 |    56 |       |       ||   232
  Throw: Throwing net      |       |       |       |     2 |       ||     2
         Dart              |       |       |       |     2 |       ||     2
   Cast: Foxfire           |    20 |     4 |       |       |       ||    24
         Freeze            |    11 |    10 |       |       |       ||    21
         Frozen Ramparts   |       |     1 |    11 |    20 |       ||    32
 Invoke: Light the Black T |       |       |     4 |     6 |       ||    10
         Recall Undead Har |       |       |     2 |     3 |     1 ||     6
         Hurl Torchlight   |       |       |       |     2 |       ||     2
  Evoke: Wand              |       |     2 |    28 |     7 |       ||    37
    Use: Scroll            |     1 |       |     5 |    16 |     2 ||    24
         Potion            |       |       |     1 |     1 |     6 ||     8
   Stab: Sleeping          |     5 |       |     5 |     7 |       ||    17
         Distracted        |       |       |     1 |     5 |       ||     6
         Held in net/web   |       |       |       |     4 |       ||     4
         Paralysed         |       |       |       |     3 |       ||     3
 Armour: Skin              |    11 |    28 |    46 |   105 |    10 ||   200
  Dodge: Dodged            |    14 |    35 |    63 |    98 |    13 ||   223
  Block: Other             |     1 |    16 |    26 |       |       ||    43
         Reflection        |       |     1 |     4 |    11 |       ||    16
         Buckler           |       |       |     4 |    26 |       ||    30
         Kite shield       |       |       |       |   238 |    27 ||   265

Table legend: (Time is in decaauts)
 A = Elapsed time spent in this place.
 B = Non-inter-level travel time spent in this place.
 C = Inter-level travel time spent in this place.
 D = Time resting spent in this place.
 E = Time spent auto-exploring this place.
 F = Levels seen in this place.
 G = Mean time per level.
                   A        B        C        D        E       F      G
               +--------+--------+--------+--------+--------+-----+--------+
         Total |  14338 |  13422 |    916 |   3107 |   7628 |  15 |  955.9 |
       Dungeon |  13916 |  13146 |    770 |   3107 |   7509 |  12 | 1159.7 |
        Temple |    148 |      2 |    146 |      0 |      0 |   1 |  148.0 |
          Lair |     34 |     34 |      0 |      0 |      0 |   1 |   34.0 |
      Gauntlet |    239 |    239 |      0 |      0 |    119 |   1 |  239.0 |
               +--------+--------+--------+--------+--------+-----+--------+

Top non-repeatable levels by time:
     D:7: 2611 daAuts
     D:9: 1621 daAuts
     D:2: 1219 daAuts
     D:4: 1213 daAuts
    D:11: 1207 daAuts
     D:1: 1170 daAuts
     D:3: 1008 daAuts
     D:6: 887 daAuts
     D:5: 842 daAuts
     D:8: 820 daAuts
    D:12: 682 daAuts
    D:10: 631 daAuts
Gauntlet: 239 daAuts
  Temple: 148 daAuts
  Lair:1: 34 daAuts
